 Dungeon Crawl Stone Soup version 0.26-a0-487-gbff1e92059 (webtiles) character file.

Game seed: 3893085640223990907

2893 ANON1729 the Cudgeler (level 9, -1/138 HPs)
             Began as a Troll Berserker on Aug 2, 2020.
             Was an Elder of Trog.
             Slain by a worker ant (4 damage)
             ... on level 7 of the Dungeon.
             The game lasted 00:07:53 (4908 turns).

ANON1729 the Cudgeler (Troll Berserker)             Turns: 4908, Time: 00:07:54

Health: -1/138     AC: 24    Str: 27 (29) XL:     9   Next: 48%
Magic:  3/8        EV:  1    Int:  2 (4)  God:    Trog [****..]
Gold:   352        SH:  0    Dex: 12 (15) Spells: 8/8 levels left

rFire    . . .     SeeInvis .   j - +4 whip
rCold    . . .     Faith    .   (no shield)
rNeg     + + +     Spirit   .   (armour currently unavailable)
rPois    +         Reflect  .   (helmet currently unavailable)
rElec    .         Harm     .   (cloak currently unavailable)
rCorr    .         NoTele   +   (gloves unavailable)
MR       .....                  (boots unavailable)
Stlth    +.........             (no amulet)
HPRegen  0.73/turn              l - +6 ring of dexterity
MPRegen  0.11/turn              (no ring)

@: mighty, tree-form, marked, berserk cooldown, slowed, very slow
A: large, unfitting armour, regeneration 1
a: Berserk, Trog's Hand, Brothers in Arms, Renounce Religion


You were on level 7 of the Dungeon.
You worshipped Trog.
Trog was greatly pleased with you.
You were a tree.
You visited 1 branch of the dungeon, and saw 7 of its levels.

You collected 352 gold pieces.

Inventory:

Hand Weapons
 j - a +4 whip (weapon)
 r - a +1 mace of holy wrath
Armour
 b - a +0 animal skin (melded)
 q - a +0 cloak (melded)
Jewellery
 l - a +6 ring of dexterity (left branch)
 u - an uncursed ring of wizardry {unknown}
 A - an uncursed ring of fire
Wands
 a - a wand of disintegration (18)
 B - a wand of digging (2)
Scrolls
 c - 2 scrolls of blinking {unknown}
 e - 4 scrolls of magic mapping
 f - 3 scrolls of teleportation {unknown}
 g - 4 scrolls of identify
 h - 3 scrolls of remove curse
 i - 2 scrolls of fog {unknown}
 o - 2 scrolls of immolation {unknown}
 p - 2 scrolls of random uselessness {unknown}
 s - 2 scrolls of enchant weapon {unknown}
 t - 2 scrolls of enchant armour {unknown}
 y - a scroll of fear {unknown}
 z - 2 scrolls of noise {unknown}
Potions
 d - 3 potions of lignification
 k - a potion of ambrosia {unknown}
 m - a potion of stabbing {unknown}
 n - 2 potions of degeneration
 v - 6 potions of curing
 w - a potion of might
 x - a potion of haste {unknown}
 C - a potion of mutation {unknown}
 D - a potion of heal wounds {unknown}


   Skills:
 + Level 6.8 Fighting
 + Level 7.5 Maces & Flails
 + Level 6.8 Dodging


You had 8 spell levels left.
You didn't know any spells.
Your spell library was empty.

Dungeon Overview and Level Annotations

Branches:
Dungeon (7/15)             Temple (0/1) D:5

Altars:
Ashenzari
Elyvilon
Kikubaaqudgha
Okawaru
Sif Muna
Trog
Vehumet
Yredelemnul


Innate Abilities, Weirdness & Mutations

You are too large for most types of armour.
((You have claws for hands.))
Your natural rate of healing is unusually fast.
((You are covered in fur. (AC +1)))
((You have extremely tough skin. (AC +3)))


Message History

The ogre hits you with a +0 giant spiked club!
* * * LOW HITPOINT WARNING * * *
You feel better.
The worker ant bites you but does no damage.
The wight hits you but does no damage.
The ogre hits you with a +0 giant spiked club!
* * * LOW HITPOINT WARNING * * *
The worker ant bites you but does no damage.
The wight hits you but does no damage.
You feel better.
The worker ant bites you but does no damage.
The ogre hits you with a +0 giant spiked club!
* * * LOW HITPOINT WARNING * * *
The wight hits you from afar with a cursed +6 spear of freezing.
* * * LOW HITPOINT WARNING * * *
The wight freezes you.
* * * LOW HITPOINT WARNING * * *
A wight comes into view. It is wielding a +1 long sword.
The worker ant bites you.
You die...

###..)......#
............###. .
..............
#.##..........# ######
.............# #....#
#............## #....#
#.....a.# #).# ....##
#.#.♣O# #.### ...#.
#..z### #.F.###..#.
.###.#z.# ###..#o....
......#.#######.........
###.............#####>..
##......#.............
######5).........####.
.........$.##### ##
####....##...# #


You could see an ogre, a worker ant and 2 wights.

Vanquished Creatures
  Harold (D:7)
  A hippogriff (D:6)
  Eustachio (D:5)
  4 ogres
  A sky beast (D:7)
  6 bullfrogs
  2 scorpions
  4 wights
  A howler monkey (D:4)
  2 hounds
  A quasit (D:6)
  An orc priest (D:7)
  A bullfrog skeleton (D:5)
  A gnoll shaman (D:5)
  Crazy Yiuf (D:2)
  Terence (D:2)
  An iguana (D:7)
  4 orc wizards
  4 worker ants
  A worker ant zombie (D:7)
  2 howler monkey zombies
  6 gnolls
  6 adders
  2 shadow imps
  A white imp (D:3)
  3 ufetubi
  2 oozes
  2 worms
  4 dart slugs
  8 leopard geckos
  12 orcs
  6 bats
  5 giant cockroaches
  2 gnoll zombies (D:4)
  2 goblins (D:1)
  2 hobgoblins
  6 jackals
  2 quokkas
  A ball python (D:1)
  5 frilled lizards
  8 kobolds
  A quokka skeleton (D:4)
  2 rats
129 creatures vanquished.

Vanquished Creatures (others)
  A gnoll (D:5)
1 creature vanquished.

Grand Total: 130 creatures vanquished

Notes
Turn   | Place    | Note
-------+----------+-------------------------------------------
     0 | D:1      | ANON1729 the Troll Berserker began the quest for the Orb.
     0 | D:1      | Reached XP level 1. HP: 22/22 MP: 0/0
   247 | D:1      | Reached XP level 2. HP: 24/29 MP: 1/1
   455 | D:1      | Reached skill level 3 in Maces & Flails
   890 | D:2      | Reached XP level 3. HP: 7/36 MP: 2/2
   966 | D:2      | Found a shattered altar of Ashenzari.
   996 | D:2      | Reached ** piety under Trog
  1024 | D:2      | Found a bloodstained altar of Trog.
  1063 | D:2      | Reached XP level 4. HP: 44/45 MP: 3/3
  1117 | D:2      | Noticed Terence
  1134 | D:2      | Killed Terence
  1248 | D:2      | Found a runed translucent door.
  1249 | D:2      | Noticed Crazy Yiuf
  1708 | D:2      | Killed Crazy Yiuf
  1708 | D:2      | Reached XP level 5. HP: 53/53 MP: 4/4
  1790 | D:3      | Found an iron altar of Okawaru.
  2002 | D:3      | Found a white marble altar of Elyvilon.
  2097 | D:3      | Reached skill level 4 in Maces & Flails
  2103 | D:3      | Found a radiant altar of Vehumet.
  2103 | D:3      | Found an ancient bone altar of Kikubaaqudgha.
  2104 | D:3      | Found a shimmering blue altar of Sif Muna.
  2113 | D:3      | Identified Sif Muna's Reference Book on Calling
  2410 | D:4      | Reached *** piety under Trog
  2519 | D:4      | Reached XP level 6. HP: 56/62 MP: 5/5
  2737 | D:4      | Found a basalt altar of Yredelemnul.
  3108 | D:5      | Entered Level 5 of the Dungeon
  3234 | D:5      | Reached XP level 7. HP: 71/71 MP: 6/6
  3307 | D:5      | Noticed Eustachio
  3326 | D:5      | Killed Eustachio
  3326 | D:5      | Reached skill level 5 in Maces & Flails
  3581 | D:5      | Found a staircase to the Ecumenical Temple.
  3788 | D:6      | Reached skill level 5 in Fighting
  3788 | D:6      | Reached skill level 5 in Dodging
  3795 | D:6      | Reached XP level 8. HP: 76/80 MP: 7/7
  4012 | D:6      | Reached **** piety under Trog
  4012 | D:6      | Reached skill level 6 in Maces & Flails
  4470 | D:7      | Noticed a hippogriff
  4653 | D:6      | Killed a hippogriff
  4790 | D:7      | Reached XP level 9. HP: 84/89 MP: 8/8
  4869 | D:7      | Noticed Harold
  4887 | D:7      | Killed Harold
  4887 | D:7      | Reached skill level 7 in Maces & Flails
  4906 | D:7      | HP: 6/138 [ogre/+0 giant spiked club (10)]
  4908 | D:7      | Slain by a worker ant

Illustrated notes

Levels and vault maps discovered:
D:1:      lightli_arrival_windingriver, layout_loops_corners
D:2:      layout_loops_ring, nicolae_overflow_hidden_temple, uniq_terence,
          uniq_crazy_yiuf_cottage
D:3:      layout_basic, grunt_temple_overflow_magic_moments,
          lemuel_doored_altar, okawaru_ov_weapons_minmay
D:4:      layout_layer_cave, lemuel_zombie_altar_yredelemnul,
          hangedman_abyss_or_decor_stabs, chequers_serial_rivers_small_a
D:5:      layout_rooms, minmay_temple_entry_trees, uniq_eustachio
D:6:      layout_cave_pods
D:7:      layout_rooms, minmay_misc_feat_alley, uniq_harold

Skill      XL: |  1  2  3  4  5  6  7  8  9 |
---------------+----------------------------+-----
Maces & Flails | 3 4 5 6 7 |  7.5
Dodging        | 3 4 5 6 |  6.8
Fighting       | 3 4 5 6 |  6.8

Action                   |  1- 3 |  4- 6 |  7- 9 || total
-------------------------+-------+-------+-------++-------
Melee: Mace              |   100 |    31 |       ||   131
       Whip              |       |   156 |   266 ||   422
Invok: Berserk           |     1 |     3 |     3 ||     7
       Trog's Hand       |       |       |     1 ||     1
  Use: Potion            |       |       |     6 ||     6
       Scroll            |       |       |     2 ||     2
 Stab: Sleeping          |       |     1 |       ||     1
Armor: Animal skin       |    46 |    64 |    69 ||   179
       Skin              |       |       |    29 ||    29
Dodge: Dodged            |    64 |   101 |   189 ||   354

Table legend: (Time is in decaauts)
 A = Elapsed time spent in this place.
 B = Non-inter-level travel time spent in this place.
 C = Inter-level travel time spent in this place.
 D = Time resting spent in this place.
 E = Time spent auto-exploring this place.
 F = Levels seen in this place.
 G = Mean time per level.
                   A        B        C        D        E       F      G
               +--------+--------+--------+--------+--------+-----+--------+
         Total |   4931 |   4735 |    196 |    470 |   3212 |   7 |  704.4 |
       Dungeon |   4931 |   4735 |    196 |    470 |   3212 |   7 |  704.4 |
               +--------+--------+--------+--------+--------+-----+--------+

Top non-repeatable levels by time:
     D:4: 1107 daAuts
     D:2: 939 daAuts
     D:6: 929 daAuts
     D:1: 880 daAuts
     D:5: 469 daAuts
     D:3: 373 daAuts
     D:7: 231 daAuts
